 Dungeon Crawl Stone Soup version 0.32-a0-872-g59262bdc9b (webtiles) character file.

Game seed: 6701187297292869493

2093 Ruich the Grappler (level 9, -11/89 HPs)
             Began as a Troll Chaos Knight on Mar 31, 2024.
             Was a Plaything of Xom.
             Mangled by a hornet (13 damage)
             ... on level 7 of the Dungeon.
             The game lasted 00:10:55 (6050 turns).

Ruich the Grappler (Troll Chaos Knight)             Turns: 6050, Time: 00:10:57

Health: -11/89     AC:  6    Str: 28    XL:     9   Next: 7%
Magic:  5/8        EV:  9    Int:  6    God:    Xom [*.....]
Gold:   359        SH:  0    Dex: 11    Spells: 8/8 levels left

rFire   . .          .
                       - Unarmed
rCold   . . .        (no shield)
rNeg    . . .        f - +0 robe of the Barnacle {rCorr MP-9 Str+8 Dex-2}
rPois   .            (helmet restricted)
rElec   .            (no cloak)
rCorr   +            (gloves unavailable)
SInv    .            (boots unavailable)
Will    .....        (no amulet)
Stlth   +            l - ring of magical power
HPRegen 1.14/turn    y - ring of flight
MPRegen 0.11/turn

%: no passive effects
@: lethally poisoned (-11 -> -12), flying, slowed, invisible, very slow
A: large, unfitting armour, claws 3, regeneration 1, shaggy fur 1, tough skin 1,
iridescent scales 1, dopey 1, weak 1, MP-powered wands
a: Renounce Religion


You were on level 7 of the Dungeon.
You worshipped Xom.
You were a special plaything of Xom.
You visited 1 branch of the dungeon, and saw 7 of its levels.

You collected 359 gold pieces.


Innate Abilities, Weirdness & Mutations

You are too large for most types of armour.
You have claws for hands.
Your natural rate of healing is unusually fast.
You are covered in fur. (AC +1)
You have tough skin. (AC +1)
You are partially covered in iridescent scales. (AC +2)
You are dopey. (Int -2)
You are weak. (Str -2)
You expend magic power (3 MP) to strengthen your wands.


   Skills:
 + Level 6.3 Fighting
 - Level 1.9 Dodging
 * Level 10.2 Unarmed Combat


You had 8 spell levels left.
You didn't know any spells.
Your spell library contained the following spells:

 Spells                   Type           Power      Damage    Failure   Level
 Sandblast                Erth           0%         2d4       45%         1
 Blink                    Tloc           0%         N/A       58%         2
 Cigotuvi's Dreadful Rot  Necr/Alch/Air  0%         N/A       58%         2
 Lesser Beckoning         Tloc           0%         N/A       58%         2
 Momentum Strike          Conj/Tloc      0%         3d8       58%         2
 Call Canine Familiar     Summ           0%         N/A       83%         3
 Dazzling Flash           Conj/Hex       0%         N/A       83%         3
 Stone Arrow              Conj/Erth      0%         3d7       83%         3
 Animate Dead             Necr           0%         N/A       99%         4
 Brom's Barrelling Bould  Conj/Erth      0%         2d3       99%         4
 Dispel Undead            Necr           0%         3d6       99%         4
 Martyr's Knell           Necr/Summ      0%         N/A       99%         4
 Summon Lightning Spire   Summ/Air       0%         N/A       99%         4
 Borgnjor's Vile Clutch   Necr/Erth      0%         N/A       100%        5
 Death Channel            Necr           0%         N/A       100%        6
 Starburst                Conj/Fire      0%         6d3       100%        6
 Ozocubu's Refrigeration  Ice            0%         4d7       100%        7
 Maxwell's Capacitive Co  Air            0%         ∞         100%        8

Inventory:

Missiles
 j - a throwing net {=f}
 k - 6 javelins (quivered)
 o - 4 boomerangs
Armour
 a - a +2 robe
 f - the +0 robe of the Barnacle (worn) {rCorr MP-9 Str+8 Dex-2}
   (You found it on level 5 of the Dungeon)

   Str+8:     It affects your strength (+8).
   Dex-2:     It affects your dexterity (-2).
   MP-9:      It affects your magic capacity (-9).
   rCorr:     It protects you from acid and corrosion.
Magical Staves
 w - a staff of alchemy {!a}
Jewellery
 l - a ring of magical power (left claw)
 y - a ring of flight (right claw)
Wands
 r - a wand of polymorph (13)
 x - a wand of iceblast (5)
 A - a wand of paralysis (4)
Scrolls
 b - a scroll of butterflies
 g - a scroll of revelation
 h - 4 scrolls of teleportation {@r2}
 n - a scroll of identify {@r1}
 t - 2 scrolls of noise
Potions
 c - 3 potions of might {unknown}
 d - 2 potions of degeneration
 e - 3 potions of curing {@q1}
 i - 3 potions of enlightenment
 m - a potion of ambrosia {unknown}
 p - a potion of resistance {unknown}
 s - a potion of attraction
 u - a potion of berserk rage {unknown}
 v - a potion of lignification {unknown}

Dungeon Overview and Level Annotations

Branches:
Dungeon (7/15) Zot: 26861  Temple (0/1) D:4

Altars:
Fedhas
Okawaru
Trog
Yredelemnul

Shops:
D:2 [

Annotations:
D:2 1 runed translucent door, Crazy Yiuf
D:4 2 transporters

#.##.#..#
#y# .# .#
#.##.# #
#....#
###..#
########..#
#.........#
#####...yy#
##..@.#
#....#
##.>..#
######


You could see a hornet (unable to see you) and a killer bee (unable to see you).


Message History

Xom roars with laughter!
You feel very sick. The killer bee stings you.
* * * LOW HITPOINT WARNING * * *
The hornet stings you.
* * * LOW HITPOINT WARNING * * *
You shrug off the repeated paralysis!
The killer bee stings you.
* * * LOW HITPOINT WARNING * * *
You are lethally poisoned!
The killer bee poisons you! The hornet closely misses you.
The killer bee barely misses you.
Unknown command.
Unknown command.
Unknown command.
You feel much better.
You feel very sick. The killer bee barely misses you. The hornet misses you.
The killer bee barely misses you. The hornet barely misses you.
The killer bee stings you but does no damage.
The hornet stings you!
* * * LOW HITPOINT WARNING * * *
You feel as though you will be slow longer.
Unknown command.
You fade further into invisibility.
You feel very sick. The killer bee stings you!
* * * LOW HITPOINT WARNING * * *
The killer bee barely misses you. The hornet stings you!
You die...
Xom cackles wildly!

Skill      XL: |  1  2  3  4  5  6  7  8 |
---------------+-------------------------+-----
Fighting       | 3 4 5 6 |  6.3
Unarmed Combat | 4 5 7 8 10 | 10.2
Dodging        | |  1.9

Action                     |  1- 3 |  4- 6 |  7- 9 || total
---------------------------+-------+-------+-------++-------
  Melee: Unarmed           |   114 |   114 |   110 ||   338
         Headbutt          |       |     4 |    15 ||    19
         Punch             |       |     2 |     2 ||     4
  Throw: Javelin           |       |     3 |       ||     3
  Evoke: Wand              |       |       |     1 ||     1
    Use: Scroll            |       |    11 |     1 ||    12
         Potion            |       |       |     6 ||     6
   Stab: Sleeping          |     2 |     1 |       ||     3
 Armour: Robe              |    99 |    69 |   118 ||   286
         Skin              |       |       |     7 ||     7
  Dodge: Dodged            |    54 |    41 |    61 ||   156

Levels and vault maps discovered:
D:1:      minmay_arrival_widening_spiral_narrow, layout_basic, st_stairs_8
D:2:      minmay_inner_zag, layout_basic, serial_bayou, serial_bayou_crossing,
          serial_bayou_pond_e, serial_bayou_lake_a, serial_bayou_pond_a,
          serial_bayou_pond_d, serial_bayou_shore_a, serial_shops, shop,
          interstate_on_off, kennysheep_decorative_pillar,
          uniq_crazy_yiuf_cottage
D:3:      layout_basic, nicolae_overflow_crystal_walls,
          mainiacjoe_overflow_alcove_2
D:4:      gammafunk_steamed_eel, layout_loops_ring,
          mainiacjoe_overflow_concentric_impassable,
          minmay_temple_entry_junction, serial_library,
          serial_library_hellmonk_small_corner,
          serial_library_hellmonk_open_square,
          serial_library_regret_index_headful,
          serial_library_regret_index_small_wings,
          serial_library_hellmonk_double_dead_end,
          serial_library_hellmonk_recessed_alcove,
          serial_library_hellmonk_open_square
D:5:      layout_cave_pods, overflow_temple_1_default, due_unseen_surprise,
          uniq_pikel
D:6:      layout_basic, good_gods_mini_temple, mrwooster_statue_mirror
D:7:      layout_rooms, nicolae_sif_muna_little_library, serial_shops, shop

Notes
Turn   | Place    | Note
-------+----------+-------------------------------------------
     0 | D:1      | Ruich the Troll Chaos Knight began the quest for the Orb.
     0 | D:1      | Reached XP level 1. HP: 22/22 MP: 0/0
   293 | D:1      | Reached XP level 2. HP: 29/29 MP: 1/1
   373 | D:1      | XOM: smoke on damage
   417 | D:1      | XOM is BORED!
   417 | D:1      | XOM: noise
   442 | D:1      | XOM: noise
   925 | D:2      | Found Oxtufo's Antique Armour Shop.
   978 | D:2      | XOM: summons 3 hostile shadow creatures
  1201 | D:2      | XOM: 1-stop teleportation journey
  1281 | D:2      | Reached XP level 3. HP: 36/36 MP: 2/2
  1506 | D:2      | XOM: draining
  1645 | D:2      | XOM: give mutation
  1645 | D:2      | Gained mutation: You are weak. (Str -2) [Xom's mischief]
  1807 | D:2      | Found a runed translucent door.
  1808 | D:2      | Noticed Crazy Yiuf
  1976 | D:3      | Reached skill level 3 in Fighting
  1976 | D:3      | Reached skill level 4 in Unarmed Combat
  2002 | D:3      | Reached XP level 4. HP: 43/43 MP: 3/3
  2186 | D:3      | Found a basalt altar of Yredelemnul.
  2441 | D:3      | Found a blossoming altar of Fedhas.
  2867 | D:4      | XOM is BORED!
  2867 | D:4      | XOM: draining
  2911 | D:4      | Found a staircase to the Ecumenical Temple.
  3060 | D:4      | Found a bloodstained altar of Trog.
  3245 | D:4      | XOM: swap monsters
  3247 | D:4      | Reached skill level 5 in Unarmed Combat
  3247 | D:4      | Reached XP level 5. HP: 46/48 MP: 4/4
  3286 | D:4      | Got Yciolaeh's Precepts of Formation and the Icicle
  3299 | D:4      | XOM: smoke on damage
  3353 | D:4      | Found a transporter.
  3374 | D:4      | Found a transporter.
  3653 | D:5      | Entered Level 5 of the Dungeon
  3822 | D:5      | Found an iron altar of Okawaru.
  3918 | D:5      | XOM: noise
  3959 | D:5      | Identified the +0 robe of the Barnacle {rCorr MP-9 Str+8
                  | Dex-2}
  4142 | D:5      | XOM: give mutations
  4142 | D:5      | Gained mutation: You have a pair of small horns on your
                  | head. [Xom's mischief]
  4142 | D:5      | Gained mutation: You are agile. (Dex +4, Str/Int -1) [Xom's
                  | mischief]
  4142 | D:5      | Gained mutation: You are partially covered in iridescent
                  | scales. (AC +2) [Xom's mischief]
  4146 | D:5      | Noticed a phantom
  4159 | D:5      | Killed a phantom
  4160 | D:5      | Reached XP level 6. HP: 62/62 MP: 5/5
  4300 | D:5      | XOM: chaos upgrade
  4311 | D:5      | XOM: 3-stop teleportation journey
  4317 | D:5      | Reached skill level 6 in Unarmed Combat
  4540 | D:5      | Reached skill level 4 in Fighting
  4611 | D:5      | Noticed Pikel
  4611 | D:5      | XOM: chaos cloud
  4624 | D:5      | XOM: destruction
  4625 | D:5      | Killed Pikel
  4626 | D:5      | Reached skill level 7 in Unarmed Combat
  4626 | D:5      | Reached XP level 7. HP: 67/71 MP: 6/6
  4632 | D:5      | XOM: stat loss: -1 Int (6/7)
  4720 | D:5      | XOM: stat loss: -1 Str (25/26)
  4925 | D:5      | Reached skill level 5 in Fighting
  4925 | D:5      | Reached skill level 8 in Unarmed Combat
  5198 | D:5      | Reached XP level 8. HP: 70/80 MP: 7/7
  5426 | D:6      | XOM: 1-stop teleportation journey
  5448 | D:6      | Reached skill level 9 in Unarmed Combat
  5546 | D:6      | XOM: 1-stop teleportation journey
  5578 | D:6      | XOM: noise
  5627 | D:6      | Reached skill level 6 in Fighting
  5903 | D:6      | XOM: silly message
  5904 | D:6      | XOM: summons 1 hostile demon
  5906 | D:6      | Reached skill level 10 in Unarmed Combat
  5906 | D:6      | Reached XP level 9. HP: 28/89 MP: 8/8
  5908 | D:6      | HP: 8/89 [crimson imp[Xom] (2)]
  6013 | D:7      | XOM: give mutations
  6013 | D:7      | Lost mutation: You have a pair of small horns on your head.
                  | [Xom's mischief]
  6013 | D:7      | Gained mutation: You are dopey. (Int -2) [Xom's mischief]
  6013 | D:7      | Lost mutation: You are agile. (Dex +4, Str/Int -1) [Xom's
                  | mischief]
  6013 | D:7      | Gained mutation: You expend magic power (3 MP) to
                  | strengthen your wands. [Xom's mischief]
  6018 | D:7      | XOM: scenery: summon butterflies
  6023 | D:7      | XOM: smoke on damage
  6030 | D:7      | XOM: polymorph killer bee -> hornet
  6032 | D:7      | Paralysed by a hornet for 3 turns
  6046 | D:7      | Paralysed by a hornet for 2 turns
  6048 | D:7      | HP: 4/89 [killer bee (6)]
  6050 | D:7      | Mangled by a hornet

Vanquished Creatures
  Pikel (D:5)
  2 vampire mosquitoes (D:6)
  An ice beast (D:6)
  A black bear (D:5)
  2 ogres (D:6)
  A lemure (D:5)
  A centaur (D:6)
  A phantom (D:5)
  A bullfrog (D:6)
  2 scorpions
  4 wights (D:5)
  2 killer bees (D:7)
  A howler monkey (D:5)
  A jelly (D:7)
  A gnoll bouda (D:6)
  6 iguanas
  3 orc wizards
  8 gnolls
  5 adders
  3 white imps (D:4)
  2 ufetubi (D:6)
  A dart slug (D:2)
  A ribbon worm (D:3)
  10 orcs
  4 ball pythons
  5 endoplasms
  3 giant cockroaches
  7 goblins
  7 hobgoblins
  2 jackals (D:4)
  5 quokkas
  7 bats
  4 frilled lizards
  3 kobolds
  4 rats
112 creatures vanquished.

Table legend: (Time is in decaauts)
 A = Elapsed time spent in this place.
 B = Non-inter-level travel time spent in this place.
 C = Inter-level travel time spent in this place.
 D = Time resting spent in this place.
 E = Time spent auto-exploring this place.
 F = Levels seen in this place.
 G = Mean time per level.
                   A        B        C        D        E       F      G
               +--------+--------+--------+--------+--------+-----+--------+
         Total |   6019 |   5868 |    151 |    827 |   3945 |   7 |  859.9 |
       Dungeon |   6019 |   5868 |    151 |    827 |   3945 |   7 |  859.9 |
               +--------+--------+--------+--------+--------+-----+--------+

Top non-repeatable levels by time:
     D:5: 1505 daAuts
     D:2: 1167 daAuts
     D:4: 916 daAuts
     D:3: 885 daAuts
     D:1: 781 daAuts
     D:6: 625 daAuts
     D:7: 137 daAuts

Table legend:
 A = Non-vault XP
 B = Vault XP
 C = Vault XP percentage of total XP
 D = Non-vault monster count
 E = Vault monster count
 F = Vault count percentage of total count
                 A         B        C        D         E       F
            +---------+---------+-------+---------+---------+-------
      Total |    2445 |     545 |  18.2 |     101 |      10 |   9.0
            +---------+---------+-------+---------+---------+-------
        D:1 |      28 |       3 |   9.7 |      17 |       2 |  10.5
        D:2 |      14 |       4 |  22.2 |       7 |       2 |  22.2
        D:3 |     121 |       0 |   0.0 |      23 |       0 |   0.0
        D:4 |      16 |     100 |  86.2 |       9 |       5 |  35.7
        D:5 |     861 |     438 |  33.7 |      20 |       1 |   4.8
        D:6 |    1243 |       0 |   0.0 |      22 |       0 |   0.0
        D:7 |     162 |       0 |   0.0 |       3 |       0 |   0.0
            +---------+---------+-------+---------+---------+-------
